 Dungeon Crawl Stone Soup version 0.23.0-3-gf3c87f2df8 (webtiles) character file.

Game seed: 7137270067528923117

33157 Kass the Fighter (level 13, -2/83 HPs)
             Began as a Gargoyle Fighter on Feb 20, 2019.
             Slain by Rupert
             ... wielding a +5 battleaxe of flaming
              (27 damage)
             ... on level 6 of the Lair of Beasts.
             The game lasted 01:11:44 (15938 turns).

Kass the Fighter (Gargoyle Fighter)                Turns: 15938, Time: 01:11:45

Health: -2/83      AC: 34    Str: 23    XL:     13   Next: 69%
Magic:  0/13       EV: 13    Int: 11    God:
Gold:   1358       SH:  8    Dex: 11    Spells: 8/12 levels left

rFire    . . .     SeeInvis .   R - +6 war axe of Tortfeasance {drain, Dex+2 Stlth+}
rCold    . . .     Gourm    .   u - +2 buckler
rNeg     + . .     Faith    .   b - +0 scale mail
rPois    ∞         Spirit   +   l - +0 helmet
rElec    +         Reflect  .   M - +2 cloak {MR+}
rCorr    .         Harm     .   C - +2 pair of gloves
MR       ++...                  c - +0 pair of boots
Stlth    ++++......             n - amulet of guardian spirit
HPRegen  0.23/turn              S - +6 ring of protection
MPRegen  0.13/turn              B - ring of Zaasuc {MR+ Slay+2}

@: no status effects
A: negative energy resistance 1, electricity resistance, unbreathing,
petrification resistance, rot immunity, AC +9
a: no special abilities


You were on level 6 of the Lair of Beasts.
You were very hungry.

You visited 3 branches of the dungeon, and saw 18 of its levels.
You also visited: Ossuary.

You collected 1358 gold pieces.

Inventory:

Hand Weapons
 x - a +1 long sword of electrocution
 N - the +9 hand crossbow "Sotosoq" {penet, rPois Dex+4}
   (You found it on level 6 of the Dungeon)

   Ammo fired by it will pass through the targets it hits, potentially hitting
   all targets in its path until it reaches maximum range.
   It affects your dexterity (+4).
   It protects you from poison.
 R - the +6 war axe of Tortfeasance (weapon) {drain, Dex+2 Stlth+}
   (You found it on level 7 of the Dungeon)

   A truly terrible weapon, it drains the life of those it strikes.
   It affects your dexterity (+2).
   It makes you more stealthy.
 X - the +10 arbalest "Wyatazept" {freeze, MP+9}
   (You found it on level 3 of the Lair of Beasts)

   It causes projectiles fired from it to freeze those they strike, causing
   extra injury to most foes and up to half again as much damage against
   particularly susceptible opponents.
   They can also slow down cold-blooded creatures.
   It affects your magic capacity (+9).
Missiles
 W - 74 bolts
Armour
 b - a +0 scale mail (worn)
 c - a +0 pair of boots (worn)
 l - a +0 helmet (worn)
 u - a +2 buckler (worn)
 C - a +2 pair of gloves (worn)
 M - a +2 cloak of magic resistance (worn)
Jewellery
 g - an uncursed ring of protection from cold
 j - an uncursed ring of wizardry
 n - an amulet of guardian spirit (around neck)
 y - an uncursed amulet of the acrobat
 B - the ring of Zaasuc (right hand) {MR+ Slay+2}
   (You found it on level 4 of the Dungeon)

   [ring of slaying]

   It affects your accuracy and damage with ranged weapons and melee attacks
   (+2).
   It affects your resistance to hostile enchantments.
 D - an uncursed ring of wizardry
 E - a +3 ring of dexterity
 L - an uncursed ring of see invisible
 Q - a +3 ring of evasion
 S - a +6 ring of protection (left hand)
 Y - an uncursed ring of poison resistance {unknown}
Wands
 m - a wand of acid (24)
 G - a wand of random effects (29)
 J - a wand of flame (18)
 K - a wand of polymorph (7)
 T - a wand of disintegration (16)
 U - a wand of iceblast (6)
Scrolls
 e - 11 scrolls of teleportation
 h - 7 scrolls of remove curse
 o - 2 scrolls of amnesia
 p - 2 scrolls of random uselessness
 s - 6 scrolls of magic mapping
 v - 2 scrolls of enchant weapon
 w - a scroll of fear
 V - a scroll of brand weapon
Potions
 a - 2 potions of cancellation {unknown}
 d - 2 potions of might
 i - 2 potions of flight
 k - 4 potions of lignification
 q - a potion of invisibility
 t - 5 potions of curing
 z - 5 potions of brilliance
 A - 4 potions of heal wounds
 F - a potion of mutation {unknown}
 I - 7 potions of haste
 O - 2 potions of agility {unknown}
Miscellaneous
 P - a lamp of fire
Comestibles
 f - 29 rations


   Skills:
 + Level 10.4 Fighting
 + Level 7.7 Long Blades
 + Level 5.8(6.2) Axes
   Level 3.5(5.4) Maces & Flails
 + Level 7.7 Crossbows
 + Level 10.4 Armour
 + Level 6.4 Dodging
 + Level 9.1 Stealth
 - Level 10.0 Shields
 + Level 2.1 Translocations


You had 8 spell levels left.
You knew the following spells:

 Your Spells              Type           Power        Failure   Level  Hunger
a - Summon Butterflies    Summ           #.......     58%         1    ##.....
b - Apportation           Tloc           #.....       32%         1    ##.....
c - Blink                 Tloc           N/A          43%         2    ###....

Your spell library contained the following spells:

 Spells                   Type           Power        Failure   Level  Hunger
 Confusing Touch          Hex            #.....       58%         1    ##.....
 Shroud of Golubria       Chrm/Tloc      #.........   58%         2    ###....
 Gell's Gravitas          Tloc           #.........   67%         3    ####...
 Lesser Beckoning         Tloc           #.........   67%         3    ####...
 Teleport Other           Tloc           #.......     67%         3    ####...
 Poisonous Vapours        Pois/Air       #.....       75%         2    ###....
 Confuse                  Hex            #.......     92%         3    ####...
 Conjure Flame            Conj/Fire      #.......     92%         3    ####...
 Mephitic Cloud           Conj/Pois/Air  #.......     92%         3    ####...
 Tukima's Dance           Hex            #.......     92%         3    ####...
 Passage of Golubria      Tloc           N/A          97%         4    #####..
 Petrify                  Tmut/Erth      #.......     100%        4    #####..
 Alistair's Intoxication  Tmut/Pois      #.......     100%        5    ######.
 Metabolic Englaciation   Hex/Ice        #.........   100%        5    ######.
 Yara's Violent Unravell  Hex/Tmut       #.........   100%        5    ######.
 Freezing Cloud           Conj/Ice/Air   #.........   100%        6    #######
 Invisibility             Hex            #.......     100%        6    #######
 Ring of Flames           Chrm/Fire      #.........   100%        7    #######


Dungeon Overview and Level Annotations

Branches:
Dungeon (11/15)            Temple (1/1) D:5            Lair (6/6) D:11
  Swamp (0/4) Lair:2        Snake (0/4) Lair:4        Slime (0/5) Lair:5
    Orc (0/2) D:9

Altars:
Ashenzari
Cheibriados
Dithmenos
Elyvilon
Fedhas
Gozag
Hepliaklqana
Kikubaaqudgha
Makhleb
Nemelex Xobeh
Okawaru
Qazlal
Ru
Sif Muna
Trog
Uskayaw
Vehumet
Wu Jian
Xom
Yredelemnul
Zin
The Shining One

Annotations:
Lair:2 2 transporters, Zoluav's ghost, journeyman TrMo
Lair:6 Rupert; Snorg


Innate Abilities, Weirdness & Mutations

You are resistant to torment.
Your stone body is resilient. (AC +9)
You are immune to poison.
You resist negative energy. (rN+)
You are resistant to electric shocks. (rElec)
You can survive without breathing.
You are immune to petrification.
You are immune to rotting.


Message History

The plant is engulfed in calcifying dust.
You block the catoblepas's attack.
Rupert roars madly and goes into a rage!
Rupert goes berserk!
The catoblepas barely misses you.
Rupert rages.
You hit the catoblepas.
The catoblepas is lightly wounded.
You closely miss Rupert. Rupert completely misses you.
You block the catoblepas's attack.
The plant is no longer petrified.
Rupert hits you with a +5 battleaxe of flaming!
Rupert burns you!
You slice Rupert!! You drain Rupert.
Rupert is lightly wounded.
You hit the catoblepas.
Rupert hits you with a +5 battleaxe of flaming!!
Rupert burns you. The catoblepas gores you!! You block Rupert's attack.
Rupert rages.
Rupert hits you with a +5 battleaxe of flaming!!
You die...

#... ..##
#...##...#
#...P....##
#.........###
#..<.......#
##..........
#P.........$
#..Y@P.##...
#...@....#..
#........# #
##........#
#.#......#
#####....#
...## ####


You could see Rupert (berserk) and a catoblepas.

Vanquished Creatures
  3 hydras
  Harold (D:7)
  A two-headed ogre (D:10)
  Nergalle (Lair:3)
  An unseen horror (D:11)
  A necromancer (Lair:3)
  7 black mambas
  A centaur zombie (D:10)
  3 spiny frogs
  A rime drake (Lair:3)
  3 komodo dragons
  A polar bear (Lair:4)
  24 blink frogs
  3 hippogriffs
  A wraith (D:10)
  A spriggan (D:9)
  52 yaks
  2 basilisks
  A hungry ghost (D:9)
  14 water moccasins
  9 porcupines
  A phantom (D:9)
  2 ice beasts
  2 sky beasts
  2 ogres
  A necrophage (D:7)
  6 orc warriors
  12 wolves
  3 black bears
  12 centaurs
  7 crocodiles
  A big kobold (D:11)
  10 bullfrogs
  A gnoll sergeant (D:8)
  7 scorpions
  4 wights
  3 howler monkeys
  6 electric eels (Lair:2)
  2 crimson imps
  A quasit (D:8)
  2 bullfrog zombies
  6 hounds
  8 jellies
  10 orc priests
  Crazy Yiuf (D:5)
  A bullfrog skeleton (D:6)
  A centaur skeleton (D:5)
  17 orc wizards
  Terence (D:2)
  6 iguanas
  A polar bear simulacrum (Lair:3)
  6 yak simulacra (Lair:3)
  9 worker ants
  3 wolf simulacra (Lair:3)
  A killer bee zombie (D:7)
  2 hound zombies
  2 hound skeletons
  A howler monkey zombie (D:5)
  8 mummies (Ossuary)
  A howler monkey skeleton (D:9)
  11 adders
  10 gnolls
  An ooze (D:1)
  An adder zombie (D:1)
  2 adder skeletons (D:5)
  A worm (D:3)
  5 dart slugs
  8 leopard geckos
  67 orcs
  6 bats
  A bat zombie (D:1)
  5 giant cockroaches
  2 goblins
  9 hobgoblins
  8 jackals
  7 kobolds
  2 quokkas
  6 ball pythons
  6 frilled lizards
  4 hobgoblin zombies (Ossuary)
  A jackal skeleton (D:5)
  2 jackal zombies
  A kobold zombie (Ossuary)
  3 orc zombies (Ossuary)
  A quokka skeleton (D:8)
  A quokka zombie (D:9)
  11 rats
  A river rat simulacrum (Lair:3)
  4 fungi (Lair:2)
  2 plants
490 creatures vanquished.

Vanquished Creatures (others)
  5 fungi
  7 plants
12 creatures vanquished.

Grand Total: 502 creatures vanquished

Notes
Turn   | Place    | Note
-------+----------+-------------------------------------------
     0 | D:1      | Kass the Gargoyle Fighter began the quest for the Orb.
     0 | D:1      | Reached XP level 1. HP: 14/14 MP: 1/1
    68 | D:1      | Reached XP level 2. HP: 19/19 MP: 2/2
   286 | D:1      | Reached XP level 3. HP: 23/23 MP: 3/3
  1005 | D:2      | Noticed Terence
  1021 | D:2      | Killed Terence
  1021 | D:2      | Reached XP level 4. HP: 28/29 MP: 4/4
  1424 | D:2      | Reached XP level 5. HP: 30/33 MP: 5/5
  2200 | D:3      | Reached XP level 6. HP: 39/39 MP: 6/6
  2618 | D:4      | Found a sand-covered staircase.
  2627 | Ossuary  | Entered an ossuary
  3541 | D:4      | Reached skill level 5 in Fighting
  3541 | D:4      | Reached skill level 1 in Long Blades
  3541 | D:4      | Reached skill level 5 in Shields
  3558 | D:4      | Reached skill level 5 in Armour
  3558 | D:4      | Reached XP level 7. HP: 37/44 MP: 5/7
  3631 | D:4      | Got an ancient bronze ring
  3633 | D:4      | Identified the ring of Zaasuc {MR+ Slay+2} (You found it on
                  | level 4 of the Dungeon)
  3970 | D:4      | Found a shattered altar of Ashenzari.
  4011 | D:4      | Saw a vision of the Swamp and the Snake Pit.
  4011 | D:4      | Noticed a shock serpent
  4011 | D:4      | Noticed a black mamba
  4011 | D:4      | Noticed a naga
  4011 | D:4      | Noticed a shock serpent
  4011 | D:4      | Noticed an anaconda
  4011 | D:4      | Noticed a naga sharpshooter
  4011 | D:4      | Noticed a mana viper
  4011 | D:4      | Noticed an alligator
  4049 | D:5      | Entered Level 5 of the Dungeon
  4355 | D:5      | Found a staircase to the Ecumenical Temple.
  4370 | Temple   | Entered the Ecumenical Temple
  4660 | D:5      | Reached XP level 8. HP: 43/51 MP: 6/8
  4776 | D:5      | Found an ornate altar of the Wu Jian Council.
  5069 | D:5      | Found a runed translucent door.
  5070 | D:5      | Noticed Crazy Yiuf
  5082 | D:5      | Paralysed by Crazy Yiuf for 2 turns
  5085 | D:5      | Killed Crazy Yiuf
  5123 | D:5      | Found a snail-covered altar of Cheibriados.
  5137 | D:5      | Found a shadowy altar of Dithmenos.
  5140 | D:5      | Found a radiant altar of Vehumet.
  5142 | D:5      | Found a glowing silver altar of Zin.
  5275 | D:6      | Got a jewelled hand crossbow
  5276 | D:6      | Identified the +9 hand crossbow "Sotosoq" {penet, rPois
                  | Dex+4} (You found it on level 6 of the Dungeon)
  5437 | D:6      | You fall through a shaft for 2 floors!
  5468 | D:7      | Reached skill level 1 in Stealth
  5487 | D:7      | Got an encrusted war axe
  5506 | D:6      | Reached skill level 1 in Crossbows
  5518 | D:6      | Identified the +6 war axe of Tortfeasance {drain, Dex+2
                  | Stlth+} (You found it on level 7 of the Dungeon)
  5556 | D:6      | Reached skill level 1 in Dodging
  5602 | D:6      | Found an ancient bone altar of Kikubaaqudgha.
  5816 | D:7      | Reached XP level 9. HP: 44/56 MP: 5/9
  6488 | D:8      | Noticed Harold
  6894 | D:9      | Found a flagged portal.
  7036 | D:9      | Reached XP level 10. HP: 45/63 MP: 6/10
  7515 | D:9      | Found a staircase to the Orcish Mines.
  7621 | D:10     | Entered Level 10 of the Dungeon
  7632 | D:10     | Noticed a two-headed ogre
  7686 | D:10     | Reached skill level 5 in Long Blades
  7724 | D:10     | Reached skill level 1 in Axes
  7724 | D:10     | Reached skill level 5 in Stealth
  8738 | D:8      | Reached XP level 11. HP: 60/68 MP: 11/11
  8914 | D:7      | Killed Harold
  9399 | D:10     | Killed a two-headed ogre
  9399 | D:10     | Reached skill level 5 in Crossbows
  9427 | D:10     | Learned a level 1 spell: Summon Butterflies
  9429 | D:10     | Learned a level 1 spell: Apportation
  9998 | D:11     | Found a staircase to the Lair.
 10148 | D:11     | Killed an unseen horror
 10237 | Lair:1   | Entered Level 1 of the Lair of Beasts
 10372 | Lair:1   | Noticed an eight-headed hydra
 10380 | Lair:1   | Killed an eight-headed hydra
 10476 | Lair:1   | Reached XP level 12. HP: 55/76 MP: 9/12
 10758 | Lair:1   | Reached skill level 5 in Dodging
 11388 | Lair:1   | Noticed an eight-headed hydra
 11394 | Lair:1   | Killed an eight-headed hydra
 11707 | Lair:2   | You fall through a shaft!
 11837 | Lair:2   | Found a staircase to the Swamp.
 12053 | Lair:2   | Found a transporter.
 12058 | Lair:2   | Noticed Zoluav's ghost (journeyman TrMo)
 12058 | Lair:2   | Noticed a five-headed hydra
 12082 | Lair:2   | Found a transporter.
 12479 | Lair:3   | Noticed Nergalle
 12496 | Lair:3   | Killed Nergalle
 12555 | Lair:3   | Reached skill level 5 in Axes
 12555 | Lair:3   | Reached skill level 10 in Shields
 12601 | Lair:3   | Reached XP level 13. HP: 82/82 MP: 13/13
 12621 | Lair:3   | Got a twisted arbalest
 12622 | Lair:3   | Identified the +10 arbalest "Wyatazept" {freeze, MP+9} (You
                  | found it on level 3 of the Lair of Beasts)
 12760 | Lair:3   | Reached skill level 10 in Fighting
 12819 | Lair:3   | Reached skill level 10 in Armour
 13153 | Lair:3   | Learned a level 2 spell: Blink
 13899 | Lair:4   | Found a staircase to the Snake Pit.
 14177 | Lair:4   | Reached skill level 1 in Translocations
 15316 | Lair:5   | You fall through a shaft!
 15316 | Lair:6   | Entered Level 6 of the Lair of Beasts
 15336 | Lair:6   | Noticed Rupert
 15394 | Lair:6   | Noticed Snorg
 15548 | Lair:5   | Found a staircase to the Slime Pits.
 15821 | Lair:5   | Got a smoking hand crossbow
 15822 | Lair:5   | Identified the cursed +1 hand crossbow of Immorality
                  | {freeze, Dex+4} (You found it on level 5 of the Lair of
                  | Beasts)
 15938 | Lair:6   | Slain by Rupert

Skill      XL: |  1  2  3  4  5  6  7  8  9 10 11 12 13 |
---------------+----------------------------------------+-----
Fighting       | 4 5 6 7 8 9 10 | 10.4
Armour         | 4 5 6 7 8 9 10 | 10.4
Shields        | 4 5 6 7 8 9 10 | 10.0
Maces & Flails | 3 |  3.5
Long Blades    | 1 2 3 4 5 6 7 |  7.7
Stealth        | 2 4 5 6 8 9 |  9.1
Crossbows      | 1 3 4 5 6 7 |  7.7
Dodging        | 1 2 3 4 5 6 |  6.4
Axes           | 2 3 5 |  5.8
Translocations | 2 |  2.1

Action                   |  1- 3 |  4- 6 |  7- 9 | 10-12 | 13-15 || total
-------------------------+-------+-------+-------+-------+-------++-------
Melee: Flail             |   128 |   167 |       |       |       ||   295
       Long sword        |       |    78 |   151 |       |       ||   229
       War axe           |       |       |   127 |   399 |   248 ||   774
 Fire: Hand crossbow     |       |       |       |   181 |    30 ||   211
Evoke: Wand              |       |     1 |       |       |       ||     1
  Use: Scroll            |       |       |    14 |    10 |     5 ||    29
 Stab: Sleeping          |       |       |     2 |     5 |     8 ||    15
       Distracted        |       |       |       |       |     1 ||     1
  Eat: Chunk             |       |     6 |    11 |    16 |    10 ||    43
       Ration            |       |     1 |       |     1 |       ||     2
Armor: Scale mail        |    63 |   137 |   193 |   333 |   165 ||   891
Dodge: Dodged            |    42 |    87 |   140 |   269 |   172 ||   710
Block: Shield            |    61 |    78 |       |       |       ||   139
       Buckler           |       |    19 |    80 |   177 |   116 ||   392
       Rpst.: Long sword |       |     9 |    18 |       |       ||    27
